 Dungeon Crawl Stone Soup version 0.19-a0-1462-g5650605 (webtiles) character file.

14547 MackTheKnife the Martial Artist (level 11, -1/87 HPs)
             Began as a Demonspawn Monk on Sept 7, 2016.
             Was a High Priest of Makhleb.
             Succumbed to Rupert's poison
             ... on level 3 of the Lair of Beasts.
             The game lasted 00:27:18 (11838 turns).

MackTheKnife the Martial Artist (Demonspawn Monk)  Turns: 11838, Time: 00:27:19

Health: -1/87      AC: 15    Str: 17    XL:     11   Next: 90%
Magic:  16/16      EV: 18    Int: 12    God:    Makhleb [*****.]
Gold:   1013       SH:  0    Dex: 22    Spells: 1 memorised, 16 levels left

rFire  + . .     SeeInvis .       - Unarmed
rCold  . . .     Gourm    .     j - +5 ring mail
rNeg   . . .     Faith    .     (no shield)
rPois  .         Spirit   .     i - +2 helmet
rElec  .         Dismiss  .     (no cloak)
rCorr  .         Reflect  .     c - +0 pair of gloves
MR     .....     Harm     .     n - +0 pair of boots
Stlth  +++.......               J - amulet of magic regeneration
                                F - +5 ring of slaying
                                I - ring of protection from fire {rF+, !d}

@: mighty, lethally poisoned (-1 -> -31)
A: claws 1, thin skeletal structure 2, demonic guardian 1, spiny 1
a: Minor Destruction, Lesser Servant of Makhleb, Major Destruction, Greater
Servant of Makhleb, Renounce Religion


You were on level 3 of the Lair of Beasts.
You worshipped Makhleb.
Makhleb was extremely pleased with you.
You were hungry.

You visited 3 branches of the dungeon, and saw 15 of its levels.
You also visited: Sewer and Bailey.

You collected 1013 gold pieces.

Inventory:

Missiles
 o - 4 throwing nets {=f, !d}
Armour
 c - a +0 pair of gloves (worn)
   (You found it on level 2 of the Dungeon)
 i - a +2 helmet (worn)
   (You took it off Robin on level 3 of the Dungeon)
 j - a +5 ring mail (worn)
   (You found it on level 2 of the Dungeon)
 n - a +0 pair of boots (worn)
   (You found it on level 2 of the Dungeon)
Jewellery
 A - an uncursed ring of resist corrosion
   (You found it on level 6 of the Dungeon)
 B - an uncursed ring of ice {rC+, rF-}
   (You found it in a sewer)
 F - a +5 ring of slaying (right hand)
   (You found it on level 6 of the Dungeon)
 I - a ring of protection from fire (left hand) {rF+, !d}
   (You found it on level 6 of the Dungeon)
 J - an amulet of magic regeneration (around neck)
   (You found it on level 11 of the Dungeon)
Wands
 L - a wand of paralysis (9/24)
   (You took it off Sonja on level 2 of the Lair of Beasts)
Scrolls
 d - 5 scrolls of enchant weapon
 f - a scroll of amnesia
 g - a scroll of teleportation
 k - a scroll of magic mapping {!r}
 q - 5 scrolls of recharging
 r - a scroll of identify
 s - 6 scrolls of remove curse
 y - 3 scrolls of enchant armour
 D - a scroll of brand weapon
 G - a scroll of fog
Potions
 e - 3 potions of lignification {!q}
 m - 2 potions of heal wounds
 p - a potion of resistance
 t - 4 potions of brilliance
 v - 2 potions of flight
 w - 4 potions of curing
 C - a potion of mutation {!q}
 H - a potion of invisibility {unknown}
Comestibles
 a - 7 meat rations {@e2}
 b - 10 bread rations {@e1}
 h - 17 fruits
 l - 3 beef jerkies
 u - 3 royal jellies
 z - 3 slices of pizza
 E - 2 chunks of flesh {@w0}


   Skills:
 - Level 8.5 Fighting
 - Level 9.2 Dodging
 - Level 1.7 Stealth
 + Level 12.5 Unarmed Combat
 - Level 3.9 Spellcasting
 - Level 4.8 Necromancy


You had 16 spell levels left.
You knew the following spells:

 Your Spells              Type           Power        Failure   Level  Hunger
z - Animate Skeleton      Necr           N/A          8%          1    #......


Dungeon Overview and Level Annotations

Branches:
Dungeon (11/15)            Temple (1/1) D:5            Lair (3/6) D:9
 Spider (0/4) Lair:2
  Swamp: Lair:2-4    Shoals: Lair:2-4       Orc: D:9-12

Altars:
Ashenzari
Dithmenos
Makhleb
Nemelex Xobeh
Okawaru
Qazlal
Ru
Sif Muna
Trog
Uskayaw

Shops:
D:4 =

Annotations:
D:8 Grim's ghost, novice OgFi
Lair:2 Nergalle
Lair:3 exclusion: oklob plant, Rupert


Innate Abilities, Weirdness & Mutations

You have sharp fingernails.
You have a moderately thin skeletal structure. (Dex +4, Stealth+)
A weak demonic guardian rushes to your aid.
You are partially covered in sharp spines.


Message History

The rat is struck by your spines. The rat misses you.
The river rat barely misses you. The rat misses you.
A rat comes into view.
You punch the rat!
You kill the rat!
Makhleb accepts your kill. The river rat is struck by your spines.
The river rat closely misses you.
You punch the river rat!
You kill the river rat!
Makhleb accepts your kill. The rat is struck by your spines.
You kill the rat!
Makhleb accepts your kill.
Health restored: 87 You punch the rat!
You kill the rat!
Makhleb accepts your kill.
A hell rat comes into view.
The hell rat moves out of view.
The rat is struck by your spines.
You kill the rat!
Makhleb accepts your kill.
You see here a rat corpse.
You closely miss the rat. The rat closely misses you.
The hell rat roars deafeningly!
You hit the rat.
Rupert the Wild comes into view.
He is wielding a great mace of venom.
The hell rat roars deafeningly!
Rupert shouts!
You punch the river rat!
Rupert moves out of view.
You barely miss the river rat. Something closely misses your iron imp.
The river rat completely misses you.
You pummel the river rat!!
You kill the river rat!
Makhleb accepts your kill. Something bites your iron imp.
You closely miss the rat. Something closely misses your iron imp.
The rat is struck by your spines.
You kill the rat!
Makhleb accepts your kill.
You feel very mighty all of a sudden. Something closely misses your iron imp.
Something bites your iron imp but does no damage.
Rupert closely misses you.
Things that are here:
a rat corpse; a river rat corpse; a rat corpse Unknown command.
You are feeling hungry.
You punch Rupert! Something bites your iron imp!
Rupert roars madly and goes into a rage!
Rupert goes berserk!
You punch Rupert! Something barely misses your iron imp.
Rupert is struck by your spines.
Rupert hits you with a great mace of venom!
You are poisoned.
You punch Rupert! Your punch misses Rupert.
You feel sick. Something bites your iron imp!
Your iron imp dies!
Rupert is struck by your spines. Rupert barely misses you.
You completely miss Rupert.
You feel sick.
Unknown command.
You take 16 damage, and have 71/87 hp.
Unknown command.
You punch Rupert!
You feel sick. Rupert closely misses you.
The hell rat closely misses your iron imp.
A rat comes into view.
You take 1 damage, and have 70/87 hp.
You punch Rupert!
You feel sick. Rupert closely misses you.
The hell rat twitches its whiskers.
The hell rat bites your iron imp.
The rat moves out of view.
You take 1 damage, and have 69/87 hp.
You hit Rupert. Rupert is struck by your spines.
Rupert hits you with a great mace of venom!!
You are more poisoned.
The hell rat barely misses your iron imp.
You take 21 damage, and have 48/87 hp.
MASSIVE DAMAGE!!
You punch Rupert!
You feel sick. Rupert is struck by your spines. Rupert misses you.
The hell rat bites your iron imp!
Your iron imp dies!
You take 2 damage, and have 46/87 hp.
Unknown command.
You punch Rupert!
You feel sick. Rupert closely misses you.
The hell rat closely misses your white imp.
A rat comes into view.
You take 1 damage, and have 45/87 hp.
You punch Rupert! Your punch misses Rupert.
You feel sick. Rupert is struck by your spines.
Rupert hits you with a great mace of venom!
You are more poisoned.
The rat moves out of view.
The hell rat misses your white imp.
You take 11 damage, and have 34/87 hp.
You punch Rupert!
You feel sick.
Your white imp gestures at the hell rat.
The puff of frost hits the hell rat.
Rupert hits you with a great mace of venom!!
* * * LOW HITPOINT WARNING * * *
The hell rat misses your white imp.
You take 32 damage, and have 2/87 hp.
MASSIVE DAMAGE!!
You swap places.
You die...

#.#..##..# #
#...###### #. #.###
#.. #..# #... #..#
### #...r ##.P###.###
#...rr###
.##.........
#@5####.# ######....
###@#†.# #####....
#..##r#######.#......
#.†5†..##..#.##....
#...###..######....
#.#... #### #....
##.### ########....
#.# #.......<... #.
#........... .
#..#..P.#.#.


You could see Rupert (berserk), 3 hell rats, a rat and 2 friendly white imps.

Vanquished Creatures
  Fannar (Lair:2)
  Harold (D:11)
  A tengu warrior (D:11)
  Urug (D:10)
  Sonja (Lair:2)
  The ghost of Athtar the Grappler, a novice DrMo of Hepliaklqana (Bailey)
  A manticore (D:11)
  A centaur zombie (D:10)
  A centaur skeleton (D:11)
  A rime drake (Lair:3)
  A spiny frog (Lair:2)
  2 komodo dragons
  A tengu conjurer (D:11)
  2 wyverns
  5 yaks
  4 hippogriffs
  A human (D:10)
  2 hungry ghosts
  A water moccasin (Lair:2)
  10 orc warriors
  3 porcupines
  A sky beast (D:9)
  3 ice beasts
  6 phantoms
  An eye of draining (D:6)
  3 ogres
  5 centaurs
  4 crocodiles
  2 big kobolds
  14 giant frogs
  A gnoll sergeant (D:9)
  A scorpion (D:8)
  3 killer bees
  8 wights
  2 howler monkeys
  5 crimson imps
  A gnoll shaman (D:5)
  6 orc wizards
  6 hounds
  A jelly (D:9)
  4 orc priests
  4 hell rats (Lair:3)
  4 iguanas
  5 worker ants
  A hound skeleton (D:4)
  Robin (D:3)
  5 worker ant zombies
  17 adders
  12 gnolls
  26 river rats
  3 shadow imps
  An ooze (D:7)
  An adder zombie (D:6)
  An adder skeleton (D:4)
  2 worms
  A dart slug (D:1)
  9 giant geckos
  48 orcs
  9 giant cockroaches
  19 goblins
  8 hobgoblins
  8 jackals
  27 kobolds
  6 quokkas
  7 ball pythons
  8 bats
  11 giant newts
  22 rats
  A fungus (D:9)
386 creatures vanquished.

Vanquished Creatures (collateral kills)
  A spriggan (D:10)
  A hippogriff (D:8)
  A centaur (Bailey)
  A killer bee (D:8)
  A centaur zombie (D:7)
  An orc priest (D:6)
  An orc wizard (D:8)
  Jessica (D:3)
  An adder (D:5)
  9 orcs
18 creatures vanquished.

Vanquished Creatures (others)
  7 yaks (D:11)
  A sky beast (D:11)
  An orc wizard (D:7)
  4 fungi
13 creatures vanquished.

Grand Total: 417 creatures vanquished

Notes
Turn   | Place    | Note
-------+----------+-------------------------------------------
     0 | D:1      | MackTheKnife the Demonspawn Monk began the quest for the Orb.
     0 | D:1      | Reached XP level 1. HP: 18/18 MP: 1/1
    71 | D:1      | Reached skill level 3 in Unarmed Combat
    88 | D:1      | Gained mutation: You are partially covered in sharp spines. [demonic ancestry]
    88 | D:1      | Reached XP level 2. HP: 21/24 MP: 2/2
   638 | D:1      | Reached XP level 3. HP: 29/29 MP: 3/3
   878 | D:2      | Reached skill level 4 in Unarmed Combat
   879 | D:2      | HP: 6/29 [gnoll/halberd (10)]
   880 | D:2      | HP: 1/29 [gnoll/spear (5)]
  1285 | D:2      | Reached XP level 4. HP: 33/35 MP: 4/4
  1862 | D:3      | Found a deep blue altar of Sif Muna.
  1888 | D:3      | Found a sacrificial altar of Ru.
  1907 | D:3      | Reached skill level 5 in Unarmed Combat
  2100 | D:3      | Gained mutation: A weak demonic guardian rushes to your aid. [demonic ancestry]
  2100 | D:3      | Reached XP level 5. HP: 34/41 MP: 5/5
  2256 | D:3      | Noticed Jessica
  2273 | D:3      | Killed Jessica
  2360 | D:3      | Noticed Robin
  2372 | D:3      | Killed Robin
  2687 | D:4      | Reached skill level 6 in Unarmed Combat
  2760 | D:4      | Reached XP level 6. HP: 47/47 MP: 6/6
  2974 | D:4      | Reached skill level 7 in Unarmed Combat
  3004 | D:4      | Reached XP level 7. HP: 27/52 MP: 7/7
  3233 | D:4      | Found Ofunnied's Jewellery Shoppe.
  3391 | D:5      | Entered Level 5 of the Dungeon
  3479 | D:5      | Reached skill level 4 in Fighting
  3730 | D:5      | Found a staircase to the Ecumenical Temple.
  3768 | Temple   | Entered the Ecumenical Temple
  3774 | Temple   | Became a worshipper of Makhleb the Destroyer
  3774 | Temple   | Reached * piety under Makhleb
  3774 | Temple   | Reached ** piety under Makhleb
  4181 | D:6      | Reached skill level 5 in Fighting
  4199 | D:6      | Reached skill level 8 in Unarmed Combat
  4199 | D:6      | Gained mutation: You have a somewhat thin skeletal structure. (Dex +2, Stealth) [demonic ancestry]
  4199 | D:6      | Reached XP level 8. HP: 62/62 MP: 8/8
  4358 | D:6      | Found a glowing drain.
  4366 | Sewer    | Entered a sewer
  4953 | D:6      | Reached skill level 6 in Fighting
  5161 | D:7      | Reached skill level 3 in Dodging
  5190 | D:7      | Reached skill level 9 in Unarmed Combat
  5221 | D:7      | Reached skill level 4 in Dodging
  5241 | D:7      | Found a flagged portal.
  5251 | D:7      | Reached *** piety under Makhleb
  5285 | D:7      | Gained mutation: You have a moderately thin skeletal structure. (Dex +4, Stealth+) [demonic ancestry]
  5285 | D:7      | Reached XP level 9. HP: 69/69 MP: 9/9
  5298 | Bailey   | Entered a bailey
  5429 | Bailey   | Noticed Athtar's ghost (novice DrMo)
  5439 | Bailey   | Killed Athtar's ghost
  5439 | Bailey   | Reached skill level 5 in Dodging
  5665 | Bailey   | Reached skill level 10 in Unarmed Combat
  5900 | Bailey   | Reached skill level 6 in Dodging
  5939 | Bailey   | Noticed a hellwing
  6367 | D:7      | Reached skill level 7 in Dodging
  6542 | D:7      | Reached **** piety under Makhleb
  6757 | D:8      | Gained mutation: You have sharp fingernails. [demonic ancestry]
  6757 | D:8      | Reached XP level 10. HP: 76/76 MP: 10/10
  6770 | D:8      | Found an iron altar of Okawaru.
  6835 | D:8      | Noticed Grim's ghost (novice OgFi)
  6931 | D:8      | Learned a level 1 spell: Animate Skeleton
  6981 | D:8      | Reached skill level 1 in Necromancy
  6984 | D:8      | Reached skill level 1 in Spellcasting
  7020 | D:8      | Reached skill level 2 in Necromancy
  7119 | D:8      | Reached skill level 2 in Spellcasting
  7221 | D:8      | Reached skill level 3 in Necromancy
  7350 | D:9      | Reached skill level 3 in Spellcasting
  7364 | D:9      | Reached skill level 4 in Necromancy
  7389 | D:9      | Found a staircase to the Lair.
  7518 | D:9      | Reached ***** piety under Makhleb
  7575 | D:9      | Found a bloodstained altar of Trog.
  7738 | D:9      | Found a shattered altar of Ashenzari.
  7982 | D:10     | Entered Level 10 of the Dungeon
  8138 | D:10     | Noticed Urug
  8154 | D:10     | Killed Urug
  8154 | D:10     | Reached skill level 7 in Fighting
  8154 | D:10     | Reached skill level 8 in Dodging
  8387 | D:11     | Noticed a manticore
  8552 | D:11     | Reached XP level 11. HP: 84/84 MP: 16/16
  9087 | D:11     | Noticed a tengu warrior
  9106 | D:11     | Killed a tengu warrior
  9110 | D:11     | Reached skill level 8 in Fighting
  9244 | D:11     | Noticed Harold
  9252 | D:11     | Killed Harold
  9252 | D:11     | Reached skill level 9 in Dodging
  9825 | Lair:1   | Entered Level 1 of the Lair of Beasts
 10401 | Lair:2   | Found a hole to the Spider Nest.
 10419 | Lair:2   | Noticed Nergalle
 10509 | Lair:2   | Reached skill level 11 in Unarmed Combat
 10856 | Lair:2   | Noticed Fannar
 10878 | Lair:2   | Killed Fannar
 10892 | Lair:2   | Noticed Sonja
 10902 | Lair:2   | Killed Sonja
 11343 | Lair:2   | Reached skill level 12 in Unarmed Combat
 11534 | Lair:3   | Noticed an oklob plant
 11821 | Lair:3   | Noticed Rupert
 11837 | Lair:3   | HP: 2/87 [Rupert/great mace of venom (30)]
 11838 | Lair:3   | Succumbed to Rupert's poison

Vault maps used:
D:1:      minmay_arrival_glassed_features
D:3:      nicolae_overflow_crystal_walls, overflow_temple_1_default, uniq_robin,
          uniq_jessica
D:4:      kennysheep_six_static_rooms, serial_shops, shop, first_bread
D:6:      lightli_sewer_entry_pipes
D:7:      enter_bailey_3
D:8:      okawaru_gym_becter
D:9:      ashenzari_conservatory_becter, lemuel_round_altar, dpeg_oklobed_lair,
          serial_column_ruins, column_ruins_courtyard_long_water,
          column_ruins_columns_straight, column_ruins_corridor_corner,
          column_ruins_open_tiny, column_ruins_grid_1
D:10:     hangedman_stone_soup, uniq_urug
D:11:     lemuel_flame_loot_2, uniq_harold
Temple:   eino_temple_rhombus
Lair:2:   spider_nest_entry_web_field, uniq_nergalle, uniq_fannar, uniq_sonja
Lair:3:   lemuel_ratsnest, grunt_megastairs_4, uniq_rupert
Sewer:    sewer_frog_island_01
Bailey:   bailey_polearm_flooded_kennysheep, bailey

Skill      XL: |  1  2  3  4  5  6  7  8  9 10 11 |
---------------+----------------------------------+-----
Unarmed Combat | 3 4 5 6 7 8 9 10 12 | 12.5
Fighting       | 5 6 7 8 |  8.5
Dodging        | 4 7 8 9 |  9.2
Necromancy     | 4 |  4.8
Spellcasting   | 3 |  3.9
Stealth        | |  1.7

Action                   |  1- 3 |  4- 6 |  7- 9 | 10-12 || total
-------------------------+-------+-------+-------+-------++-------
Melee: Unarmed           |    87 |   179 |   324 |   448 ||  1038
       Punch             |     3 |     5 |     7 |    40 ||    55
 Cast: Animate Skeleton  |       |       |       |     9 ||     9
Invok: Minor Destruction |       |       |     3 |       ||     3
       Lesser Servant of |       |       |     2 |       ||     2
  Use: Potion            |     1 |       |     8 |     2 ||    11
       Scroll            |       |     6 |    12 |     6 ||    24
 Stab: Sleeping          |       |     1 |     4 |     8 ||    13
       Distracted        |       |       |     3 |     8 ||    11
  Eat: Chunk             |       |     7 |    12 |    13 ||    32
       Beef jerky        |       |       |     1 |     3 ||     4
Armor: Ring mail         |    13 |    30 |   112 |   116 ||   271
       Scale mail        |    10 |    42 |       |       ||    52
       Skin              |       |       |     2 |       ||     2
Dodge: Dodged            |    48 |    62 |   188 |   288 ||   586

Vault maps used:
D:1:      minmay_arrival_glassed_features
D:3:      nicolae_overflow_crystal_walls, overflow_temple_1_default, uniq_robin,
          uniq_jessica
D:4:      kennysheep_six_static_rooms, serial_shops, shop, first_bread
D:6:      lightli_sewer_entry_pipes
D:7:      enter_bailey_3
D:8:      okawaru_gym_becter
D:9:      ashenzari_conservatory_becter, lemuel_round_altar, dpeg_oklobed_lair,
          serial_column_ruins, column_ruins_courtyard_long_water,
          column_ruins_columns_straight, column_ruins_corridor_corner,
          column_ruins_open_tiny, column_ruins_grid_1
D:10:     hangedman_stone_soup, uniq_urug
D:11:     lemuel_flame_loot_2, uniq_harold
Temple:   eino_temple_rhombus
Lair:2:   spider_nest_entry_web_field, uniq_nergalle, uniq_fannar, uniq_sonja
Lair:3:   lemuel_ratsnest, grunt_megastairs_4, uniq_rupert
Sewer:    sewer_frog_island_01
Bailey:   bailey_polearm_flooded_kennysheep, bailey

Table legend:
 A = Turns spent in this place as a percentage of turns spent in the entire game.
 B = Non-inter-level travel turns spent in this place as a percentage of non-inter-level travel turns spent in the entire game.
 C = Inter-level travel turns spent in this place as a percentage of turns spent in this place.
 D = Turns resting spent in this place as a percentage of non-inter-level travel turns spent in this place.
 E = Turns spent auto-exploring this place as a percentage of non-inter-level travel turns spent in this place.
 F = Non-inter-level travel turns spent in this place divided by the number of levels of this place that you've seen.
                   A       B       C       D       E      F
               +-------+-------+-------+-------+-------+----------------------
         Total | 100.0 | 100.0 |   0.5 |   1.5 |   8.8 | 245.5
       Dungeon |  73.9 |  73.9 |   0.5 |   1.4 |  10.2 | 280.3
        Temple |   0.2 |   0.2 |  12.5 |   0.0 |   0.0 |   7.0
          Lair |  11.6 |  11.6 |   0.4 |   1.2 |  10.9 | 161.7
         Sewer |   4.6 |   4.6 |   0.0 |   0.0 |   1.0 | 192.0
        Bailey |   9.7 |   9.7 |   0.0 |   3.2 |   0.0 | 406.0
               +-------+-------+-------+-------+-------+----------------------

Table legend:
 A = Kills in this place as a percentage of kills in entire the game.
 B = Kills by you in this place as a percentage of kills by you in the entire game.
 C = Kills by friends in this place as a percentage of kills by friends in the entire game.
 D = Other kills in this place as a percentage of other kills in the entire game.
 E = Experience gained in this place as a percentage of experience gained in the entire game.
 F = Experience gained in this place divided by the number of levels of this place that you have seen.
                   A       B       C       D       E      F
               +-------+-------+-------+-------+-------+----------------------
         Total | 100.0 | 100.0 | 100.0 | 100.0 | 100.0 | 1222.5
       Dungeon |  74.5 |  74.8 |  66.7 | 100.0 |  64.6 | 1219.5
          Lair |  16.6 |  17.4 |   0.0 |   0.0 |  28.3 | 1962.3
         Sewer |   4.0 |   4.2 |   0.0 |   0.0 |   1.0 | 198.0
        Bailey |   5.0 |   3.6 |  33.3 |   0.0 |   6.2 | 1282.0
               +-------+-------+-------+-------+-------+----------------------
